 Dungeon Crawl Stone Soup version 0.23.3 (webtiles) character file.

Game seed: 1656552914276054104

143 MordorOrchid the Charmwright (level 5, -6/43 HPs)
             Began as a Gnoll Skald on Mar 29, 2020.
             Mangled by a wight
             ... wielding a +0 great sword of slicing
              (8 damage)
             ... on level 3 of the Dungeon.
             The game lasted 00:07:17 (966 turns).

MordorOrchid the Charmwright (Gnoll Skald)           Turns: 966, Time: 00:07:18

Health: -6/43      AC:  5    Str: 13    XL:     5   Next: 25%
Magic:  6/12       EV: 12    Int: 16    God:
Gold:   51         SH:  0    Dex: 15    Spells: 3/14 levels left

rFire    . . .     SeeInvis .   a - +0 falchion
rCold    . . .     Gourm    .   (no shield)
rNeg     . . .     Faith    .   q - +0 ring mail
rPois    .         Spirit   .   (no helmet)
rElec    .         Reflect  .   (no cloak)
rCorr    .         Harm     .   (no gloves)
MR       +....                  (no boots)
Stlth    +.........             (no amulet)
HPRegen  0.14/turn              u - ring of protection from magic
MPRegen  0.13/turn              (no ring)

@: singing, drained
A: distributed training, fangs 1, strong nose
a: no special abilities


You were on level 3 of the Dungeon.
You were not hungry.

You visited 1 branch of the dungeon, and saw 3 of its levels.

You collected 51 gold pieces.

Inventory:

Hand Weapons
 a - a +0 falchion (weapon)
 j - a +0 hunting sling
 l - a +0 dagger
Missiles
 m - 22 arrows
 n - 35 stones
 o - 8 javelins (quivered)
 r - 20 sling bullets
 t - 23 bolts
 w - 4 tomahawks
Armour
 b - a +0 leather armour
 f - a cursed +0 robe
 q - a +0 ring mail (worn)
Jewellery
 u - a ring of protection from magic (left hand)
Scrolls
 h - a scroll of fog {unknown}
 p - a scroll of remove curse {unknown}
 s - a scroll of magic mapping {unknown}
 v - a scroll of teleportation {unknown}
Potions
 c - a potion of flight {unknown}
 e - a potion of curing
 i - a potion of brilliance
 k - a potion of lignification
Comestibles
 d - 3 rations
 g - 5 chunks of flesh


   Skills:
 + Level 4.7(4.1) Fighting
 + Level 1.4(0.8) Short Blades
 + Level 4.7(4.1) Long Blades
 + Level 1.4(0.8) Axes
 + Level 1.4(0.8) Maces & Flails
 + Level 1.4(0.8) Polearms
 + Level 1.4(0.8) Staves
 + Level 1.4(0.8) Slings
 + Level 1.4(0.8) Bows
 + Level 1.4(0.8) Crossbows
 + Level 1.4(0.8) Throwing
 + Level 2.9(2.3) Armour
 + Level 4.7(4.1) Dodging
 + Level 1.4(0.8) Stealth
 + Level 1.4(0.8) Shields
 + Level 1.4(0.8) Unarmed Combat
 + Level 5.1(4.5) Spellcasting
 + Level 1.1(0.5) Conjurations
 + Level 1.1(0.5) Hexes
 + Level 5.5(4.8) Charms
 + Level 1.1(0.5) Summonings
 + Level 1.1(0.5) Necromancy
 + Level 1.1(0.5) Translocations
 + Level 1.1(0.5) Transmutations
 + Level 1.1(0.5) Fire Magic
 + Level 1.1(0.5) Ice Magic
 + Level 1.1(0.5) Air Magic
 + Level 1.1(0.5) Earth Magic
 + Level 1.1(0.5) Poison Magic
 + Level 1.5(0.9) Invocations
 + Level 1.4(0.8) Evocations


You had 3 spell levels left.
You knew the following spells:

 Your Spells              Type           Power        Failure   Level  Hunger
a - Infusion              Chrm           ###.         4%          1    None
b - Song of Slaying       Chrm           ###.....     7%          2    ##.....
e - Spectral Weapon       Hex/Chrm       ##......     32%         3    ###....
k - Regeneration          Chrm/Necr      ##........   32%         3    ###....
y - Shroud of Golubria    Chrm/Tloc      ##........   17%         2    ##.....

Your spell library contained the following spells:

 Spells                   Type           Power        Failure   Level  Hunger


Dungeon Overview and Level Annotations

Branches:
Dungeon (3/15)

Altars:


Innate Abilities, Weirdness & Mutations

Your experience applies equally to all skills.
You have very sharp teeth.
Your uncanny sense of smell can sniff out nearby items.


Message History

The wight is heavily damaged.
The wight closely misses you.
You riposte.
You hit the wight but do no damage. Your bite misses the wight.
The wight is heavily damaged.
You hit the wight but do no damage.
The wight is heavily damaged.
The wight hits you with a +0 great sword of slicing!
You hit the wight.
The wight is severely damaged.
The wight hits you from afar with a cursed +5 halberd!
You feel drained.
Your shroud falls apart!
The wight barely misses you.
You barely miss the wight.
The wight is severely damaged.
Your skin stops crawling.
The wight hits you from afar with a cursed +5 halberd!
* * * LOW HITPOINT WARNING * * *
The wight hits you with a +0 great sword of slicing!
You die...

#......###.# #......#
#.# #......# #.#
#......# #.# ∆ #..)...#
#.# #......# #.#
#.###### #.#
####.########.##########
............#...@zzz....
............###########.
............#
............#
............#
............#
............#
............# ∆
............#


You could see 3 wights.

Vanquished Creatures
  A scorpion (D:2)
  4 adders (D:2)
  An ooze (D:2)
  A worm (D:2)
  4 dart slugs
  An orc (D:3)
  12 bats
  A giant cockroach (D:1)
  4 goblins (D:2)
  3 hobgoblins
  4 jackals (D:3)
  A quokka (D:2)
  A frilled lizard (D:2)
  5 kobolds
  2 rats (D:2)
45 creatures vanquished.

Notes
Turn   | Place    | Note
-------+----------+-------------------------------------------
     0 | D:1      | MordorOrchid the Gnoll Skald began the quest for the Orb.
     0 | D:1      | Reached XP level 1. HP: 20/20 MP: 6/6
   110 | D:1      | Reached XP level 2. HP: 24/26 MP: 2/7
   114 | D:1      | Learned a level 2 spell: Shroud of Golubria
   117 | D:1      | Learned a level 2 spell: Song of Slaying
   331 | D:2      | Noticed a scorpion
   344 | D:2      | Killed a scorpion
   344 | D:2      | Reached skill level 1 in Short Blades
   344 | D:2      | Reached skill level 1 in Axes
   344 | D:2      | Reached skill level 1 in Maces & Flails
   344 | D:2      | Reached skill level 1 in Polearms
   344 | D:2      | Reached skill level 1 in Staves
   344 | D:2      | Reached skill level 1 in Slings
   344 | D:2      | Reached skill level 1 in Bows
   344 | D:2      | Reached skill level 1 in Crossbows
   344 | D:2      | Reached skill level 1 in Throwing
   344 | D:2      | Reached skill level 1 in Stealth
   344 | D:2      | Reached skill level 1 in Shields
   344 | D:2      | Reached skill level 1 in Unarmed Combat
   344 | D:2      | Reached skill level 5 in Spellcasting
   344 | D:2      | Reached skill level 1 in Invocations
   344 | D:2      | Reached skill level 1 in Evocations
   344 | D:2      | Reached XP level 3. HP: 14/31 MP: 0/9
   344 | D:2      | Reached XP level 4. HP: 17/38 MP: 0/11
   349 | D:2      | Learned a level 3 spell: Regeneration
   583 | D:2      | Learned a level 3 spell: Spectral Weapon
   644 | D:2      | Reached skill level 1 in Conjurations
   644 | D:2      | Reached skill level 1 in Hexes
   644 | D:2      | Reached skill level 1 in Summonings
   644 | D:2      | Reached skill level 1 in Necromancy
   644 | D:2      | Reached skill level 1 in Translocations
   644 | D:2      | Reached skill level 1 in Transmutations
   644 | D:2      | Reached skill level 1 in Fire Magic
   644 | D:2      | Reached skill level 1 in Ice Magic
   644 | D:2      | Reached skill level 1 in Air Magic
   644 | D:2      | Reached skill level 1 in Earth Magic
   644 | D:2      | Reached skill level 1 in Poison Magic
   688 | D:2      | Reached XP level 5. HP: 14/43 MP: 5/12
   966 | D:3      | HP: 2/43 [wight/cursed +5 halberd (11)]
   966 | D:3      | Mangled by a wight

Skill      XL: |  1  2  3  4 |
---------------+-------------+-----
Short Blades   | 1 |  1.4
Axes           | 1 |  1.4
Maces & Flails | 1 |  1.4
Polearms       | 1 |  1.4
Staves         | 1 |  1.4
Slings         | 1 |  1.4
Bows           | 1 |  1.4
Crossbows      | 1 |  1.4
Throwing       | 1 |  1.4
Stealth        | 1 |  1.4
Shields        | 1 |  1.4
Unarmed Combat | 1 |  1.4
Spellcasting   | 5 |  5.1
Invocations    | 1 |  1.5
Evocations     | 1 |  1.4
Conjurations   | 1 |  1.1
Hexes          | 1 |  1.1
Summonings     | 1 |  1.1
Necromancy     | 1 |  1.1
Translocations | 1 |  1.1
Transmutations | 1 |  1.1
Fire Magic     | 1 |  1.1
Ice Magic      | 1 |  1.1
Air Magic      | 1 |  1.1
Earth Magic    | 1 |  1.1
Poison Magic   | 1 |  1.1
Fighting       | |  4.7
Long Blades    | |  4.7
Armour         | |  2.9
Dodging        | |  4.7
Charms         | |  5.5

Action                   |  1- 3 |  4- 6 || total
-------------------------+-------+-------++-------
Melee: Falchion          |    35 |    76 ||   111
       Bite              |     5 |    11 ||    16
 Cast: Infusion          |     4 |     5 ||     9
       Regeneration      |       |     5 ||     5
       Spectral Weapon   |       |     2 ||     2
       Song of Slaying   |       |     2 ||     2
       Shroud of Golubri |       |     1 ||     1
  Use: Scroll            |       |     3 ||     3
 Stab: Sleeping          |     1 |       ||     1
  Eat: Chunk             |       |     1 ||     1
Armor: Leather armour    |     6 |     8 ||    14
       Ring mail         |       |    11 ||    11
Dodge: Dodged            |    33 |    64 ||    97
       Rpst.: Falchion   |    13 |    23 ||    36
